 Dungeon Crawl Stone Soup version 0.31-a0-237-g2d982f9f85 (webtiles) character file.

Game seed: 8032438390618410851

61 qw the Shooter (level 3, -5/29 HPs)
             Began as a Minotaur Hexslinger on July 11, 2023.
             Slain by Sigmund
             ... wielding a +0 scythe
              (6 damage)
             ... on level 2 of the Dungeon.
             The game lasted 00:00:34 (1090 turns).

qw the Shooter (Minotaur Hexslinger)                Turns: 1090, Time: 00:00:35

Health: -5/29      AC:  2    Str: 17 (18) XL:     3   Next: 83%
Magic:  3/3        EV: 12    Int:  7 (10) God:
Gold:   111        SH:  0    Dex: 12 (14) Spells: 3/4 levels left

rFire   . . .        Y - +1 sling
rCold   . . .        (no shield)
rNeg    . . .        c - +0 robe
rPois   .            (helmet restricted)
rElec   .            (no cloak)
rCorr   .            (no gloves)
SInv    .            (no boots)
Will    .....        h - amulet of the acrobat
Stlth   +            e - +6 ring of strength
HPRegen 0.24/turn    (no ring)
MPRegen 0.08/turn

%: acrobat
@: no status effects
A: horns 2, retaliatory headbutt
a: no special abilities


You were on level 2 of the Dungeon.
You visited 1 branch of the dungeon, and saw 2 of its levels.

You collected 111 gold pieces.


Innate Abilities, Weirdness & Mutations

You have a pair of horns on your head.
You reflexively headbutt those who attack you in melee.


   Skills:
 - Level 2.0 Fighting
 + Level 4.4 Ranged Weapons
 - Level 2.1 Dodging
 - Level 1.0 Spellcasting
 - Level 2.0 Hexes


You had 3 spell levels left.
You knew the following spells:

 Your Spells              Type           Power      Damage    Failure   Level
a - Slow                  Hex            12%        N/A       19%         1

Your spell library contained the following spells:

 Spells                   Type           Power      Damage    Failure   Level
 Inner Flame              Hex/Fire       1%         N/A       63%         3
 Portal Projectile        Hex/Tloc       2%         N/A       63%         3
 Cause Fear               Hex            1%         N/A       88%         4

Inventory:

Hand Weapons
 Y - a +1 sling (weapon)
Armour
 c - a +0 robe (worn)
Jewellery
 d - an amulet of guardian spirit
 e - a +6 ring of strength (left hand)
 h - an amulet of the acrobat (around neck)
Scrolls
 a - a scroll of identify
 b - a scroll of brand weapon {unknown}
Potions
 g - a potion of enlightenment
 j - a potion of mutation

Dungeon Overview and Level Annotations

Branches:
Dungeon (2/15)

Altars:

Annotations:
D:2 Sigmund


Message History

The sling bullet hits Sigmund but does no damage.
Sigmund shouts!
You shoot a sling bullet. The sling bullet hits Sigmund.
Sigmund is lightly wounded.
You shoot a sling bullet. The sling bullet hits Sigmund.
Sigmund is lightly wounded.
Sigmund points at you and mumbles some strange words.
You are confused.
Sigmund completely misses you.
You feel less confused.
Sigmund hits you from afar with a +0 scythe.
You shoot a sling bullet.
The sling bullet hits Sigmund but does no damage.
Sigmund is lightly wounded.
You shoot a sling bullet. The sling bullet hits Sigmund.
Sigmund is moderately wounded.
Sigmund gestures at you while chanting. The puff of flame hits you.
Sigmund mumbles some strange words.
Sigmund flickers and vanishes!
Deactivating autopickup; reactivate with Ctrl-A.
You shoot a sling bullet. Something hits you.
You shoot a sling bullet. You shoot a sling bullet. Something hits you.
You shoot a sling bullet.
A magic dart appears from out of thin air!
The magic dart hits you!
You shoot a sling bullet. Something hits you.
You shoot a sling bullet. Something hits you.
You shoot a sling bullet. Something completely misses you.
You shoot a sling bullet. You shoot a sling bullet.
A magic dart appears from out of thin air!
The magic dart hits you! Something hits you.
You die...

.<...................#... .
########......##.8.8.... ..
##.......##.._..# ...
######..########.....##....
...........%........)......
.####..##########.#........
#####.## #...###.. ###...#
####.# ...)### #@...# .####
#.#### .# #{# .# #.. .# #..
## ...# # .#.# #### . .#
.....


There were no monsters in sight!

Vanquished Creatures
  An adder (D:1)
  A worm (D:2)
  A dart slug (D:2)
  7 bats (D:1)
  3 endoplasms
  6 goblins
  5 hobgoblins
  5 jackals
  5 kobolds (D:1)
  3 quokkas (D:1)
  A ball python (D:2)
  A frilled lizard (D:1)
  3 rats
42 creatures vanquished.

Notes
Turn   | Place    | Note
-------+----------+-------------------------------------------
     0 | D:1      | qw the Minotaur Hexslinger began the quest for the Orb.
     0 | D:1      | Reached XP level 1. HP: 16/16 MP: 1/1
     0 | D:1      | 0 ||| qw: Version: 0.3-a-52-g30416fa
     0 | D:1      | 0 ||| qw: Game counter: 5553
     0 | D:1      | 0 ||| qw: Melee chars always use a shield: true
     0 | D:1      | 0 ||| qw: God list: Okawaru
     0 | D:1      | 0 ||| qw: Allow faded altars: false
     0 | D:1      | 0 ||| qw: Do Orc after clearing Dungeon:15 true
     0 | D:1      | 0 ||| qw: Do second Lair branch before Depths: true
     0 | D:1      | 0 ||| qw: Lair rune preference: random
     0 | D:1      | 0 ||| qw: Goals: Normal
     0 | D:1      | 0 ||| PLANNING D:1-11
    77 | D:1      | 77 ||| FLEEEEING.
    81 | D:1      | 81 ||| FLEEEEING.
    82 | D:1      | 82 ||| FLEEEEING.
    83 | D:1      | 83 ||| FLEEEEING.
    84 | D:1      | 84 ||| FLEEEEING.
    85 | D:1      | 85 ||| FLEEEEING.
    89 | D:1      | 89 ||| FLEEEEING.
    90 | D:1      | 90 ||| FLEEEEING.
    91 | D:1      | 91 ||| FLEEEEING.
   100 | D:1      | Reached skill level 3 in Ranged Weapons
   100 | D:1      | Reached XP level 2. HP: 21/23 MP: 2/2
   441 | D:1      | Reached XP level 3. HP: 29/29 MP: 3/3
   698 | D:1      | 698 ||| UPGRADING to amulet of the acrobat.
   703 | D:1      | 703 ||| UPGRADING to +6 ring of strength.
   704 | D:1      | 704 ||| READING 3 scrolls labelled ANIARAA IFECHA.
   705 | D:1      | 705 ||| READING scroll labelled KIVIAL XOREP.
   708 | D:1      | 708 ||| DRINKING 2 fizzy purple potions.
   709 | D:1      | 709 ||| DRINKING 2 metallic green potions.
   710 | D:1      | 710 ||| READING 2 scrolls of identify.
   710 | D:1      | 710 ||| IDENTIFYING brown potion
   711 | D:1      | 711 ||| DROPPING scroll of poison.
   712 | D:1      | 712 ||| DROPPING potion of degeneration.
   722 | D:2      | 722 ||| STAIRDANCE
   727 | D:1      | Reached skill level 4 in Ranged Weapons
  1056 | D:2      | Found a faded altar of an unknown god.
  1071 | D:2      | Noticed Sigmund
  1087 | D:2      | HP: 7/29 [something (1)]
  1090 | D:2      | HP: 1/29 [something/magic dart (7)]
  1090 | D:2      | Slain by Sigmund

Levels and vault maps discovered:
D:1:      lightli_arrival_flooded_house, layout_loops_ring
D:2:      layout_rooms, dreamdust_ecumenical_altar_statues, uniq_sigmund

Skill      XL: |  1  2  3 |
---------------+----------+-----
Ranged Weapons | 3 4 |  4.4
Fighting       | 2 |  2.0
Dodging        | |  2.1
Spellcasting   | |  1.0
Hexes          | |  2.0

Action                     || total
---------------------------++-------
   Fire: Sling             ||   125
    Use: Scroll            ||     3
         Potion            ||     2
 Armour: Robe              ||     8
  Dodge: Dodged            ||    22

Table legend:
 A = Non-vault XP
 B = Vault XP
 C = Vault XP percentage of total XP
 D = Non-vault monster count
 E = Vault monster count
 F = Vault count percentage of total count
                 A         B        C        D         E       F
            +---------+---------+-------+---------+---------+-------
      Total |      88 |       0 |   0.0 |      42 |       0 |   0.0
            +---------+---------+-------+---------+---------+-------
        D:1 |      66 |       0 |   0.0 |      32 |       0 |   0.0
        D:2 |      22 |       0 |   0.0 |      10 |       0 |   0.0
            +---------+---------+-------+---------+---------+-------
